 Dungeon Crawl Stone Soup version 0.22-a0-410-g97be04f (webtiles) character file.

512 iamserjio the Conjurer (level 7, -2/46 HPs)
             Began as a Barachi Wizard on May 11, 2018.
             Killed from afar by an orc wizard (7 damage)
             ... with a puff of frost
             ... on level 4 of the Dungeon.
             The game lasted 00:15:13 (6498 turns).

iamserjio the Conjurer (Barachi Wizard)             Turns: 6498, Time: 00:15:14

Health: -2/46      AC:  3    Str:  9    XL:     7   Next: 19%
Magic:  0/14       EV: 13    Int: 20    God:
Gold:   174        SH:  0    Dex: 10    Spells: 6/15 levels left

rFire    . . .     SeeInvis .   q - +0 long sword
rCold    . . .     Gourm    .   (no shield)
rNeg     . . .     Faith    .   a - +0 robe
rPois    .         Spirit   .   b - +0 hat
rElec    .         Reflect  .   (no cloak)
rCorr    .         Harm     .   g - +0 pair of gloves
MR       .....                  (no boots)
Stlth    ++........             (no amulet)
HPRegen  0.15/turn              f - +1 ring of evasion
MPRegen  0.14/turn              (no ring)

@: about to teleport, can't hop, slow
A: +LOS, swims, slowness 1, strong legs 1
a: Hop


You were on level 4 of the Dungeon.
You were not hungry.

You visited 1 branch of the dungeon, and saw 4 of its levels.

You collected 174 gold pieces.

Inventory:

Hand Weapons
 q - a +0 long sword (weapon)
Armour
 a - a +0 robe (worn)
 b - a +0 hat (worn)
 g - a +0 pair of gloves (worn)
Jewellery
 f - a +1 ring of evasion (left hand)
Scrolls
 c - a scroll of remove curse
 k - a scroll of fear
 m - a scroll of teleportation
 o - a scroll of immolation
 s - a scroll of enchant weapon {unknown}
 t - a scroll of amnesia {unknown}
Potions
 e - a potion of cancellation
 h - a potion of invisibility {unknown}
 i - a potion of agility {unknown}
 j - a potion of ambrosia {unknown}
 l - 2 potions of curing
 n - a potion of berserk rage {unknown}
 p - a potion of haste {unknown}
Comestibles
 d - 3 rations
 u - a chunk of flesh


   Skills:
 - Level 2.1 Dodging
 - Level 1.7 Stealth
 + Level 4.7 Spellcasting
 * Level 5.4 Conjurations
 - Level 1.2 Summonings
   Level 1.1 Translocations
 * Level 4.4 Fire Magic


You had 6 spell levels left.
You knew the following spells:

 Your Spells              Type           Power        Failure   Level  Hunger
a - Magic Dart            Conj           ####         1%          1    None
b - Call Imp              Summ           #.......     11%         2    #......
c - Conjure Flame         Conj/Fire      ###.....     4%          3    ##.....
d - Mephitic Cloud        Conj/Pois/Air  ##......     17%         3    ##.....


Dungeon Overview and Level Annotations

Branches:
Dungeon (4/15)
 Temple: D:4-7

Altars:


Innate Abilities, Weirdness & Mutations

Shadows flee at your approach. (+LOS)
You can swim through water.
You cover ground slowly.
You can hop short distances.


Message History

Okay, then.
Hop to where?
Press: ? - help, Dir - move target cursor Boing!
As you read the scroll of teleportation, it crumbles to dust.
You feel strangely unstable.
Casting: Magic Dart (safe; 1% risk of failure)
Confirm with . or Enter, or press ? or * to list all spells.
Okay, then.
Casting: Magic Dart (safe; 1% risk of failure)
Confirm with . or Enter, or press ? or * to list all spells.
A beastly little devil appears in a puff of frigid air.
You hear some strange, mumbled words.
A puff of flame appears from out of thin air!
The puff of flame hits you!
* * * LOW HITPOINT WARNING * * *
You hear some strange, mumbled words.
A puff of frost appears from out of thin air!
The puff of frost hits you!
You die...

.# .......# .#
.......# . ....%.#
##. ......# #..
..... #.# ....
###.# #). ..#5#
#.# #.#@# ..####
#.####.#.#
#########
>......##....#.#{#
#.......#
#.......†..#.#.#
#.#####.#
#.##.##.......§#
#.#####.# ..
####.#####
######.##..<.# ##
####.#
#.........#...
##....#
#.####...<...#
#...###
####.############


You could see a friendly white imp.

Vanquished Creatures
  The ghost of anything the Vandal, an amateur OpHu (D:3)
  An orc priest (D:4)
  A bullfrog skeleton (D:4)
  A centaur skeleton (D:4)
  Jessica (D:2)
  An iguana (D:3)
  A worker ant (D:4)
  6 adders
  4 river rats
  4 worms
  2 dart slugs
  A leopard gecko (D:3)
  4 orcs (D:4)
  7 bats
  3 giant cockroaches
  11 goblins
  10 hobgoblins
  2 jackals (D:2)
  6 kobolds
  A quokka (D:3)
  6 frilled lizards
  6 rats
80 creatures vanquished.

Notes
Turn   | Place    | Note
-------+----------+-------------------------------------------
     0 | D:1      | iamserjio the Barachi Wizard began the quest for the Orb.
     0 | D:1      | Reached XP level 1. HP: 13/13 MP: 4/4
   444 | D:1      | Reached XP level 2. HP: 19/19 MP: 3/6
   695 | D:1      | Reached skill level 2 in Conjurations
  1339 | D:2      | Noticed a phantom
  1461 | D:2      | Learned a level 2 spell: Call Imp
  1473 | D:2      | Reached XP level 3. HP: 24/24 MP: 6/8
  1494 | D:2      | Learned a level 3 spell: Conjure Flame
  1498 | D:2      | Learned a level 3 spell: Mephitic Cloud
  1689 | D:2      | Noticed Jessica
  1697 | D:2      | Killed Jessica
  1697 | D:2      | Reached skill level 3 in Conjurations
  1697 | D:2      | Reached skill level 1 in Fire Magic
  1953 | D:2      | Reached XP level 4. HP: 30/30 MP: 5/9
  3525 | D:3      | Noticed anything's ghost (amateur OpHu)
  3800 | D:3      | Reached XP level 5. HP: 35/35 MP: 5/11
  4455 | D:3      | Killed anything's ghost
  4455 | D:3      | Reached skill level 4 in Conjurations
  4455 | D:3      | Reached XP level 6. HP: 23/41 MP: 0/12
  5580 | D:3      | Reached skill level 5 in Conjurations
  5762 | D:4      | Reached XP level 7. HP: 38/46 MP: 8/13
  5917 | D:4      | HP: 2/46 [poisoned by a worker ant]
  5925 | D:4      | HP: 2/46 [poisoned by a worker ant]
  6498 | D:4      | Killed from afar by an orc wizard

Vault maps used:
D:1:      saegor_arrival_simple_a
D:2:      uniq_jessica
D:3:      lightli_sewer_entry_pipes
D:4:      minmay_temple_entry_enclosed_plants

Skill      XL: |  1  2  3  4  5  6 |
---------------+-------------------+-----
Conjurations   | 2 3 4 5 |  5.4
Fire Magic     | 1 2 3 4 |  4.4
Spellcasting   | 4 |  4.7
Dodging        | |  2.1
Stealth        | |  1.7
Summonings     | |  1.2
Translocations | |  1.1

Action                   |  1- 3 |  4- 6 |  7- 9 || total
-------------------------+-------+-------+-------++-------
Melee: Unarmed           |     2 |       |       ||     2
       Dagger            |    26 |     9 |       ||    35
       Long sword        |       |     9 |     5 ||    14
 Cast: Magic Dart        |    59 |   179 |    34 ||   272
       Conjure Flame     |       |       |     1 ||     1
       Mephitic Cloud    |       |       |     1 ||     1
       Call Imp          |       |       |     1 ||     1
 Abil: Hop               |       |     2 |     1 ||     3
  Use: Scroll            |       |     9 |     2 ||    11
  Eat: Chunk             |     3 |     8 |     4 ||    15
       Ration            |       |     1 |       ||     1
Armor: Robe              |    16 |    16 |       ||    32
Dodge: Dodged            |    33 |    81 |     8 ||   122
       Rpst.: Long sword |       |    12 |     2 ||    14

Table legend:
 A = Spawn XP
 B = Non-spawn XP
 C = Spawn XP percentage of total XP
 D = Spawn monster count
 E = Non-spawn monster count
 F = Spawn count percentage of total count
 G = Total turns spent on level
                    A         B        C        D         E        F      G
               +---------+---------+-------+---------+---------+-------+---------
         Total |       0 |     732 |   0.0 |       0 |      80 |   0.0 |  6498
               +---------+---------+-------+---------+---------+-------+---------
           D:1 |       0 |      23 |   0.0 |       0 |      13 |   0.0 |  1259
           D:2 |       0 |      97 |   0.0 |       0 |      22 |   0.0 |  2680
           D:3 |       0 |     426 |   0.0 |       0 |      33 |   0.0 |  1722
           D:4 |       0 |     186 |   0.0 |       0 |      12 |   0.0 |   837
               +---------+---------+-------+---------+---------+-------+---------
